 Dungeon Crawl Stone Soup version 0.26-a0-1213-gd52f5182fe (webtiles) character file.

Game seed: 4072668459056312657

47265 Kaver the Geomancer (level 14, -7/86 HPs)
             Began as a Gargoyle Earth Elementalist on Dec 30, 2020.
             Was an Elder of Vehumet.
             Mangled by a swamp worm (9 damage)
             ... on level 2 of the Lair of Beasts.
             The game lasted 00:45:54 (21035 turns).

Kaver the Geomancer (Gargoyle Earth Elementalist)  Turns: 21035, Time: 00:45:54

Health: -7/86      AC: 21    Str: 11    XL:     14   Next: 41%
Magic:  17/36      EV: 19    Int: 24    God:    Vehumet [****..]
Gold:   1516       SH:  0    Dex: 10    Spells: 10/32 levels left

rFire    . . .     SeeInvis .   v - +9 rapier (elec)
rCold    . . .     Faith    .   (no shield)
rNeg     + . .     Spirit   .   L - +0 steam dragon scales
rPois    ∞         Reflect  .   q - +0 helmet
rElec    +         Harm     .   G - +1 cloak {Will+}
rCorr    .         Rampage  .   D - +1 pair of gloves
Will     ++...                  o - +0 pair of boots
Stlth    ++........             (no amulet)
HPRegen  0.00/turn              d - +4 ring of evasion
MPRegen  0.25/turn              H - ring of magical power

@: about to teleport, slowed, very slow
A: big wings, talons 1, clever 1, deformed body, negative energy resistance 1,
screaming 1, electricity resistance, inhibited regeneration, unbreathing,
petrification resistance, miasma immunity, AC +10
a: Fly, Renounce Religion


You were on level 2 of the Lair of Beasts.
You worshipped Vehumet.
Vehumet was greatly pleased with you.
You visited 3 branches of the dungeon, and saw 17 of its levels.
You also visited: Ossuary.

You collected 1516 gold pieces.

Inventory:

Hand Weapons
 u - the +7 great mace "Undeadhunter" {disrupt, rN+}
   (You acquired it on level 10 of the Dungeon)

   It protects you from negative energy.
 v - a +9 rapier of electrocution (weapon)
 B - the +3 morningstar "Faixoll" {flame, Str+2 Int+3}
   (You found it on level 1 of the Lair of Beasts)

   It has been specially enchanted to burn those struck by it, causing extra
   injury to most foes and up to half again as much damage against particularly
   susceptible opponents.
   It affects your strength (+2).
   It affects your intelligence (+3).
 I - a +4 dire flail of protection
Missiles
 b - 558 stones (quivered)
 h - 5 boomerangs of dispersal
 A - 4 throwing nets
Armour
 o - a +0 pair of boots (worn)
 q - a +0 helmet (worn)
 D - a +1 pair of gloves (worn)
 G - a +1 cloak of willpower (worn)
 L - +0 steam dragon scales (worn)
Magical Staves
 J - an uncursed staff of fire
 N - an uncursed staff of cold
Jewellery
 d - a +4 ring of evasion (left hand)
 H - a ring of magical power (right hand)
Wands
 c - a wand of disintegration (8)
 k - a wand of iceblast (8)
 y - a wand of paralysis (11)
 C - a wand of flame (57)
 E - a wand of acid (4)
 O - a wand of polymorph (7)
 Q - a wand of enslavement (7)
Scrolls
 a - 6 scrolls of teleportation
 g - 3 scrolls of magic mapping
 i - 5 scrolls of remove curse
 n - 4 scrolls of fog
 t - 2 scrolls of enchant weapon
 w - 2 scrolls of fear
 F - 3 scrolls of immolation
 K - a scroll of amnesia
 M - a scroll of summoning
Potions
 e - a potion of might
 f - 2 potions of heal wounds
 j - 7 potions of haste
 l - 10 potions of curing
 m - 9 potions of attraction
 p - 2 potions of flight
 r - 2 potions of lignification
 s - a potion of brilliance
 x - a potion of invisibility
 z - 4 potions of ambrosia
 P - a potion of cancellation {unknown}


   Skills:
 + Level 9.1 Fighting
 + Level 8.2 Maces & Flails
 - Level 6.0 Armour
 + Level 7.1 Dodging
 - Level 2.1 Stealth
 + Level 9.6 Spellcasting
 + Level 10.7 Conjurations
 - Level 0.7 Transmutations
 * Level 6.4 Fire Magic
 + Level 12.3 Earth Magic
 + Level 6.3 Evocations


You had 10 spell levels left.
You knew the following spells:

 Your Spells              Type           Power        Failure   Level
a - Sandblast             Erth           100%         1%          1
b - Stone Arrow           Conj/Erth      100%         1%          3
c - Lee's Rapid Deconstr  Erth           31%          1%          5
d - Passwall              Tmut/Erth      35%          1%          2
e - Bolt of Magma         Conj/Fire/Erth 28%          1%          5
f - Starburst             Conj/Fire      26%          7%          6

Your spell library contained the following spells:

 Spells                   Type           Power        Failure   Level
 Ozocubu's Refrigeration  Ice            5%           88%         6
 Freeze                   Ice            44%          1%          1
 Hailstorm                Conj/Ice       37%          1%          4
 Petrify                  Tmut/Erth      43%          3%          4
 Frozen Ramparts          Ice            22%          4%          3
 Ozocubu's Armour         Ice            11%          17%         3
 Summon Ice Beast         Ice/Summ       11%          50%         4


Dungeon Overview and Level Annotations

Branches:
Dungeon (14/15)            Temple (1/1) D:4            Lair (2/6) D:11
  Swamp (0/4) Lair:2          Orc (0/2) D:10         Vaults (0/5) D:13
Ossuary (visited)
  Snake: Lair:2-4    Spider: Lair:2-4

Altars:
Ashenzari
Cheibriados
Elyvilon
Fedhas
Gozag
Hepliaklqana
Kikubaaqudgha
Makhleb
Nemelex Xobeh
Okawaru
Qazlal
Ru
Sif Muna
Uskayaw
Vehumet
Wu Jian
The Shining One

Shops:
D:4 }   D:6 [   D:9 [   D:12 =   D:14 }


Innate Abilities, Weirdness & Mutations

You are resistant to torment.
Your stone body is resilient. (AC +10)
You are immune to poison.
Your large and strong wings let you fly indefinitely.
You resist negative energy. (rN+)
You are resistant to electric shocks. (rElec)
You can survive without breathing.
You are immune to petrification.
You are immune to miasma.
You have sharp toenails.
Your mind is acute. (Int +2)
Armour fits poorly on your strangely shaped body.
You occasionally shout uncontrollably at your foes.
You do not regenerate when monsters are visible.


Message History

The tree burns like a torch!
The swamp worm is engulfed in blazing flames.
The swamp worm fires a harpoon shot at you.
The harpoon shot misses you.
The swamp worm is engulfed in blazing flames.
The swamp worm fires a harpoon shot at you.
The harpoon shot hits you.
* * * LOW HITPOINT WARNING * * *
You are yanked forward by the harpoon shot.
Found a staircase to the Swamp.
Unknown command.
As you read the scroll of teleportation, it crumbles to dust.
You feel strangely unstable.
You are engulfed in a forest fire.
* * * LOW HITPOINT WARNING * * *
The swamp worm is engulfed in blazing flames.
The swamp worm bites you!
* * * LOW HITPOINT WARNING * * *
The swamp worm is engulfed in blazing flames.
The swamp worm bites you!
You die...

..P......####..♣..♣
#
....#....####.♣♣.?♣♣
.........##...♣≈..≈♣
.####....#....♣†..≈♣
.# #..<...#...♣§.♣≈♣
.# #.....###..§§†.≈♣
## ##.....#P.§♣≈§.§♣
####.........♣♣§§§≈♣
.##.#........♣♣§@§≈♣
...[.........♣♣§w§≈♣
.............♣♣;..≈♣
.............♣♣≈..≈♣
.............♣♣≈..≈♣
.....).......♣♣§§§≈♣
##.......#####♣§§§§♣
#......#.###.#♣§§§≈♣
.#.....##.....♣


You could see a swamp worm and an electric eel.

Vanquished Creatures
  Gastronok (Lair:2)
  A tengu reaver (D:13)
  An ettin (D:13)
  3 boulder beetles
  2 yaktaur captains (D:13)
  2 hydras (Lair:1)
  4 vault guards (D:13)
  3 centaur warriors (D:13)
  A death knight (D:13)
  3 two-headed ogres
  9 death yaks
  A skeletal warrior (D:12)
  An unseen horror (D:14)
  A bog body (Lair:2)
  A phantasmal warrior (D:13)
  Pikel (Temple)
  8 ugly things
  A manticore (D:14)
  A cyclops (D:12)
  Maurice (D:12)
  4 cane toads
  2 gargoyles
  2 komodo dragons
  Maggie (Lair:1)
  A rime drake (Lair:2)
  An efreet (D:14)
  A freezing wraith (D:12)
  2 trolls
  5 slime creatures (D:13)
  A spriggan (shapeshifter) (D:13)
  Sigmund (D:3)
  3 wraiths
  2 shadows
  2 wyverns
  21 yaks
  A water elemental (D:13)
  Grum (D:8)
  A basilisk (Lair:1)
  7 humans (D:13)
  Eustachio (D:4)
  Menkaure (D:4)
  2 swamp worms (Lair:2)
  5 water moccasins
  Duvessa (D:4)
  5 ice beasts
  2 phantoms
  8 orc warriors
  3 hornet zombies
  A necrophage (D:8)
  2 black bears
  4 ogres
  2 wolves (D:8)
  7 centaurs
  2 lemures (Temple)
  A big kobold (D:11)
  Blork the orc (D:4)
  12 bullfrogs
  3 water moccasin zombies (Ossuary)
  Dowan (D:4)
  2 wyvern skeletons
  4 scorpions
  10 killer bees
  2 electric eels
  11 wights
  5 howler monkeys
  3 centaur zombies
  2 quasits
  A wyvern simulacrum (D:14)
  6 orc priests
  2 gnoll shamans (D:4)
  12 hounds
  2 jellies (D:9)
  6 orc wizards
  Crazy Yiuf (D:5)
  A bullfrog skeleton (D:11)
  2 centaur skeletons
  2 iguanas
  11 worker ants
  5 big kobold zombies (Ossuary)
  A hound zombie (D:9)
  2 hound skeletons
  3 mummies
  Robin (D:4)
  16 gnolls
  A howler monkey skeleton (D:11)
  11 adders
  4 river rats (D:6)
  2 shadow imps
  5 white imps
  3 ufetubi
  2 oozes
  4 adder zombies
  3 worms
  3 dart slugs
  7 leopard geckos
  31 orcs
  5 bats
  6 giant cockroaches
  A gnoll zombie (Ossuary)
  15 goblins
  3 hobgoblins
  7 jackals
  4 quokkas
  4 ball pythons
  2 frilled lizards
  A goblin zombie (D:6)
  4 hobgoblin zombies (Ossuary)
  11 kobolds
  4 kobold zombies (Ossuary)
  A leopard gecko skeleton (D:8)
  7 orc zombies
  2 quokka skeletons
  A quokka zombie (D:8)
  5 rats
441 creatures vanquished.

Vanquished Creatures (others)
  A human (D:13)
  10 fungi
  85 plants
96 creatures vanquished.

Grand Total: 537 creatures vanquished

Notes
Turn   | Place    | Note
-------+----------+-------------------------------------------
     0 | D:1      | Kaver the Gargoyle Earth Elementalist began the quest for
                  | the Orb.
     0 | D:1      | Reached XP level 1. HP: 10/10 MP: 3/3
   415 | D:1      | Reached skill level 4 in Earth Magic
   415 | D:1      | Reached XP level 2. HP: 15/15 MP: 1/5
  1050 | D:1      | Learned a level 2 spell: Passwall
  1061 | D:1      | Reached XP level 3. HP: 16/19 MP: 1/6
  1256 | D:1      | Learned a level 3 spell: Stone Arrow
  1303 | D:2      | Found a shimmering blue altar of Sif Muna.
  1783 | D:2      | Reached skill level 1 in Conjurations
  1783 | D:2      | Reached XP level 4. HP: 17/24 MP: 8/8
  1932 | D:2      | Found a white marble altar of Elyvilon.
  2817 | D:3      | Reached skill level 5 in Earth Magic
  3066 | D:3      | Noticed Sigmund
  3071 | D:3      | Killed Sigmund
  3072 | D:3      | Reached XP level 5. HP: 22/28 MP: 3/10
  3072 | D:3      | Reached XP level 6. HP: 26/32 MP: 3/11
  3688 | D:3      | Learned a level 5 spell: Lee's Rapid Deconstruction
  3748 | D:4      | Noticed Robin
  3762 | D:4      | Killed Robin
  3846 | D:4      | Reached skill level 6 in Earth Magic
  3928 | D:4      | Noticed a phantom
  3937 | D:4      | Killed a phantom
  3938 | D:4      | Reached XP level 7. HP: 33/36 MP: 5/13
  4271 | D:4      | Noticed Duvessa
  4281 | D:4      | Killed Duvessa
  4566 | D:4      | Found a staircase to the Ecumenical Temple.
  4569 | D:4      | Noticed Pikel
  4573 | Temple   | Entered the Ecumenical Temple
  4760 | Temple   | Became a worshipper of Vehumet
  4929 | Temple   | Killed Pikel
  4930 | Temple   | Reached skill level 5 in Spellcasting
  4930 | Temple   | Reached skill level 5 in Conjurations
  4930 | Temple   | Reached skill level 7 in Earth Magic
  4930 | Temple   | Reached XP level 8. HP: 36/41 MP: 9/16
  5045 | D:4      | Found Uvoyxuu's Gadget Shoppe.
  5074 | D:4      | Noticed Menkaure
  5079 | D:4      | Killed Menkaure
  5080 | D:4      | Reached skill level 8 in Earth Magic
  5175 | D:4      | Noticed Blork the orc
  5179 | D:4      | Killed Blork the orc
  5297 | D:4      | Noticed Eustachio
  5300 | D:4      | Killed Eustachio
  5301 | D:4      | Reached skill level 1 in Fighting
  5301 | D:4      | Reached skill level 1 in Armour
  5318 | D:4      | Reached skill level 1 in Maces & Flails
  5675 | D:4      | Noticed Dowan
  5685 | D:4      | Killed Dowan
  5686 | D:4      | Reached XP level 9. HP: 25/47 MP: 18/18
  5938 | D:5      | Entered Level 5 of the Dungeon
  5959 | D:5      | Found an ancient bone altar of Kikubaaqudgha.
  6073 | D:5      | Found a sparkling altar of Nemelex Xobeh.
  6074 | D:5      | Found a glowing golden altar of the Shining One.
  6086 | D:5      | Found a hazy altar of Hepliaklqana.
  6086 | D:5      | Found a broken altar of Ashenzari.
  6087 | D:5      | Found an opulent altar of Gozag.
  6087 | D:5      | Found a blossoming altar of Fedhas.
  7210 | D:5      | Found a runed translucent door.
  7211 | D:5      | Noticed Crazy Yiuf
  7215 | D:5      | Killed Crazy Yiuf
  7615 | D:6      | Reached * piety under Vehumet
  7615 | D:6      | Offered knowledge of Foxfire by Vehumet.
  7645 | D:6      | Reached skill level 9 in Earth Magic
  7697 | D:6      | Found a sand-covered staircase.
  7704 | Ossuary  | Entered an ossuary
  7863 | Ossuary  | Reached ** piety under Vehumet
  7875 | Ossuary  | Offered knowledge of Magic Dart by Vehumet.
  7911 | Ossuary  | Reached XP level 10. HP: 55/56 MP: 20/20
  7979 | Ossuary  | Gained mutation: You have a pair of small horns on your
                  | head. [potion of mutation]
  7979 | Ossuary  | Gained mutation: You tend to lose your temper in combat.
                  | [potion of mutation]
  7979 | Ossuary  | Gained mutation: Your body sometimes deteriorates upon
                  | taking damage. [potion of mutation]
  7979 | Ossuary  | Gained mutation: You are covered in fur. (AC +1) [potion of
                  | mutation]
  7980 | Ossuary  | Lost mutation: You have a pair of small horns on your head.
                  | [potion of mutation]
  7980 | Ossuary  | Lost mutation: Your body sometimes deteriorates upon taking
                  | damage. [potion of mutation]
  7980 | Ossuary  | Gained mutation: You occasionally shout uncontrollably at
                  | your foes. [potion of mutation]
  7980 | Ossuary  | Gained mutation: Armour fits poorly on your strangely
                  | shaped body. [potion of mutation]
  7980 | Ossuary  | Gained mutation: You have sharp toenails. [potion of
                  | mutation]
  7981 | Ossuary  | Lost mutation: You are covered in fur. (AC +1) [potion of
                  | mutation]
  7981 | Ossuary  | Lost mutation: You tend to lose your temper in combat.
                  | [potion of mutation]
  7981 | Ossuary  | Gained mutation: You do not regenerate when monsters are
                  | visible. [potion of mutation]
  7981 | Ossuary  | Gained mutation: Your mind is acute. (Int +2) [potion of
                  | mutation]
  8163 | D:6      | Found Onasuc's Armour Shop.
  8509 | D:6      | Found an ornate altar of the Wu Jian Council.
  9016 | D:7      | Offered knowledge of Dazzling Flash by Vehumet.
  9177 | D:7      | Noticed a gargoyle
  9178 | D:7      | Killed a gargoyle
  9293 | D:7      | Reached *** piety under Vehumet
  9944 | D:8      | Found an iron altar of Okawaru.
 10003 | D:8      | Offered knowledge of Conjure Flame by Vehumet.
 10100 | D:8      | Found a hide-covered altar of Uskayaw.
 10306 | D:8      | Noticed Grum
 10316 | D:8      | Reached skill level 1 in Evocations
 10322 | D:8      | Killed Grum
 11031 | D:9      | Reached **** piety under Vehumet
 11166 | D:9      | Got a buzzing hand axe
 11170 | D:9      | Got a crude hand axe
 11224 | D:9      | Identified the +8 hand axe "Seam" {holy, *Rage +Rage Dex+5}
                  | (You found it on level 9 of the Dungeon)
 11225 | D:9      | Identified the +7 hand axe of Xoemaovu {flame, Str+2} (You
                  | found it on level 9 of the Dungeon)
 11378 | D:9      | Offered knowledge of Bolt of Magma by Vehumet.
 11385 | D:9      | Learned a level 5 spell: Bolt of Magma
 11389 | D:9      | Found a stormy altar of Qazlal.
 11511 | D:9      | Identified a scroll of acquirement
 11511 | D:9      | Acquired 270 gold pieces
 11541 | D:9      | Reached skill level 5 in Fighting
 11541 | D:9      | Reached skill level 5 in Armour
 11645 | D:9      | Found Roudech's Antique Armour Shoppe.
 11652 | D:9      | Reached XP level 11. HP: 51/63 MP: 21/21
 12098 | D:10     | Entered Level 10 of the Dungeon
 12314 | D:10     | Acquired the +7 great mace "Undeadhunter" {disrupt, rN+}
 12315 | D:10     | Found the +7 great mace "Undeadhunter" {disrupt, rN+}
 12457 | D:10     | Reached skill level 10 in Earth Magic
 12703 | D:10     | Found a staircase to the Orcish Mines.
 12864 | D:11     | Got a bound copper ring
 12865 | D:11     | Identified the ring of Firoab {rN+ Str+4 Int-4 Dex+6} (You
                  | found it on level 11 of the Dungeon)
 12995 | D:11     | Found a staircase to the Lair.
 13581 | D:12     | Reached skill level 5 in Maces & Flails
 13601 | D:12     | Noticed a two-headed ogre
 13606 | D:12     | Killed a two-headed ogre
 13692 | D:12     | Noticed a boulder beetle
 13763 | D:12     | Killed a boulder beetle
 13891 | D:12     | Noticed a brown ugly thing
 13897 | D:12     | Killed a brown ugly thing
 13975 | D:12     | Noticed a two-headed ogre
 13983 | D:12     | Killed a two-headed ogre
 14331 | D:12     | Found Dyahit's Jewellery Boutique.
 14372 | D:12     | Noticed Maurice
 14374 | D:12     | Killed Maurice
 14375 | D:12     | Reached skill level 5 in Dodging
 14405 | D:12     | Noticed a boulder beetle
 14433 | D:12     | Killed a boulder beetle
 14600 | D:12     | Reached ***** piety under Vehumet
 14601 | D:12     | Reached XP level 12. HP: 69/71 MP: 11/24
 14606 | D:12     | Offered knowledge of Starburst by Vehumet.
 14738 | D:12     | Learned a level 6 spell: Starburst
 15117 | D:13     | Noticed a centaur warrior
 15122 | D:13     | Killed a centaur warrior
 15174 | D:13     | Noticed a centaur warrior
 15188 | D:13     | Killed a centaur warrior
 15934 | D:13     | Noticed an ettin
 15935 | D:13     | Noticed a yaktaur captain
 15937 | D:13     | Identified the +7 scimitar "Foivumalev" {freeze, Will+}
 15937 | D:13     | Noticed a tengu reaver
 15946 | D:13     | Reached skill level 11 in Earth Magic
 15953 | D:13     | Noticed a boulder beetle
 15979 | D:13     | Killed a boulder beetle
 16044 | D:13     | Noticed a death knight
 16209 | D:13     | Killed a death knight
 16352 | D:13     | Noticed a two-headed ogre
 16355 | D:13     | Killed a two-headed ogre
 16439 | D:13     | Noticed a centaur warrior
 16459 | D:13     | Killed a centaur warrior
 16463 | D:13     | Reached skill level 1 in Fire Magic
 16579 | D:13     | Found a blossoming altar of Fedhas.
 16781 | D:13     | Noticed a vault guard
 16781 | D:13     | Noticed a vault guard
 16782 | D:13     | Noticed a vault guard
 16795 | D:13     | Killed a vault guard
 16795 | D:13     | Killed a vault guard
 16803 | D:13     | Killed a vault guard
 16804 | D:13     | Reached XP level 13. HP: 49/78 MP: 11/25
 16875 | D:13     | Noticed a vault guard
 16889 | D:13     | Reached skill level 5 in Evocations
 16891 | D:13     | Killed a vault guard
 16958 | D:13     | Found a gate to the Vaults.
 16984 | D:13     | Noticed a yaktaur captain
 16995 | D:13     | Killed a yaktaur captain
 17072 | D:13     | Killed a yaktaur captain
 17341 | D:13     | Killed a tengu reaver
 17342 | D:13     | Reached skill level 10 in Conjurations
 17496 | D:13     | Killed an ettin
 18031 | D:14     | Found Laeceuf's Gadget Boutique.
 18794 | Lair:1   | Entered Level 1 of the Lair of Beasts
 18937 | Lair:1   | Reached skill level 5 in Fire Magic
 18989 | Lair:1   | Offered knowledge of Ozocubu's Refrigeration by Vehumet.
 18990 | Lair:1   | Reached skill level 12 in Earth Magic
 19010 | Lair:1   | Gained mutation: Your large and strong wings let you fly
                  | indefinitely. [Gargoyle growth]
 19010 | Lair:1   | Reached XP level 14. HP: 26/84 MP: 27/27
 19331 | Lair:1   | Noticed Maggie
 19421 | Lair:1   | Killed Maggie
 19663 | Lair:1   | Got a polished morningstar
 19663 | Lair:1   | Identified the +3 morningstar "Faixoll" {flame, Str+2
                  | Int+3} (You found it on level 1 of the Lair of Beasts)
 20398 | Lair:2   | Noticed Gastronok
 20408 | Lair:2   | Killed Gastronok
 21034 | Lair:2   | Found a staircase to the Swamp.
 21035 | Lair:2   | HP: 2/86 [swamp worm (14)]
 21035 | Lair:2   | Mangled by a swamp worm

Illustrated notes

Levels and vault maps discovered:
D:1:      kennysheep_arrival_forest, layout_basic, due_unseen_surprise
D:2:      layout_loops_cross, general_overflow_altar, lemuel_doored_altar
D:3:      layout_basic, uniq_sigmund
D:4:      layout_basic, minmay_temple_entry_waves, serial_shops, shop_statue,
          uniq_eustachio, uniq_menkaure, uniq_robin, uniq_pikel,
          uniq_blork_the_orc, uniq_duvessa
D:5:      layout_layer_cave, kiku_gazebo_pond_becter,
          grunt_temple_overflow_open, cheibrodos_gnoll_hut,
          uniq_crazy_yiuf_cottage
D:6:      wad_woods_stonehenge, layout_basic, serial_shops, kennysheep_mini,
          nicolae_ossuary_entry_giza
D:7:      layout_rooms
D:8:      layout_loops_cross, nicolae_overflow_hidden_temple,
          eat_drink_and_be_merry_uskayaw, roderic_lattice_a, kennysheep_path_1,
          uniq_grum
D:9:      layout_long_grid, marbit_many_paths, serial_shops,
          nicolae_shop_statue_plus, evilmike_butchery
D:10:     layout_roguey, orc_0_dummy
D:11:     layout_irregular_city, dpeg_oklobed_lair
D:12:     layout_irregular_city, serial_shops, nicolae_shop_waterfront,
          uniq_maurice
D:13:     cross_vault, layout_basic, ximxim_vaults_locker_room, fedhas_altar_2
D:14:     layout_rooms, chequers_garden, serial_shops, shop_fountains
Temple:   jpeg_temple_alley_garden
Lair:1:   layout_cave_pods, grunt_megastairs_1, serial_bayou_shore_a,
          uniq_maggie
Lair:2:   layout_regular_city, nicolae_swamp_entry_splash_gauntlet,
          patterned_corridor, lemuel_fruit_tree, uniq_gastronok

Skill      XL: |  1  2  3  4  5  6  7  8  9 10 11 12 13 14 |
---------------+-------------------------------------------+-----
Earth Magic    | 4 5 6 7 8 9 10 11 12 | 12.3
Conjurations   | 1 2 3 5 6 7 8 9 10 | 10.7
Spellcasting   | 3 4 5 6 7 8 9 |  9.6
Fighting       | 1 3 5 6 7 8 9 |  9.1
Armour         | 1 3 5 6 |  6.0
Maces & Flails | 1 3 4 5 7 8 |  8.2
Dodging        | 2 3 4 5 6 7 |  7.1
Evocations     | 1 3 4 5 6 |  6.3
Fire Magic     | 2 5 6 |  6.4
Stealth        | |  2.1
Transmutations | |  0.7

Action                   |  1- 3 |  4- 6 |  7- 9 | 10-12 | 13-15 || total
-------------------------+-------+-------+-------+-------+-------++-------
Melee: Club              |    11 |       |       |       |       ||    11
       Dagger            |   103 |   103 |    52 |       |       ||   258
       Unarmed           |     1 |       |       |       |       ||     1
       Rapier            |       |       |   202 |   501 |   222 ||   925
 Cast: Sandblast         |    16 |    28 |    73 |    45 |     2 ||   164
       Passwall          |     2 |       |       |       |       ||     2
       Lee's Rapid Decon |       |     2 |     6 |    29 |    15 ||    52
       Stone Arrow       |       |       |     1 |    10 |       ||    11
       Bolt of Magma     |       |       |       |    22 |    62 ||    84
 Abil: Fly               |       |       |       |       |     1 ||     1
       Stop Flying       |       |       |       |       |     1 ||     1
Evoke: Wand              |       |       |       |     7 |     2 ||     9
  Use: Scroll            |     2 |     5 |     4 |    21 |     7 ||    39
       Potion            |       |     2 |     3 |    10 |     2 ||    17
 Stab: Sleeping          |     2 |     6 |     6 |     8 |       ||    22
       Distracted        |       |       |     1 |     1 |       ||     2
       Paralysed         |       |       |       |    23 |       ||    23
Armor: Robe              |    42 |    32 |   154 |   175 |       ||   403
       Troll leather arm |       |       |       |    67 |    94 ||   161
       Steam dragon scal |       |       |       |       |    29 ||    29
Dodge: Dodged            |    86 |    57 |   232 |   438 |   201 ||  1014

Table legend: (Time is in decaauts)
 A = Elapsed time spent in this place.
 B = Non-inter-level travel time spent in this place.
 C = Inter-level travel time spent in this place.
 D = Time resting spent in this place.
 E = Time spent auto-exploring this place.
 F = Levels seen in this place.
 G = Mean time per level.
                   A        B        C        D        E       F      G
               +--------+--------+--------+--------+--------+-----+--------+
         Total |  21270 |  20655 |    615 |   3776 |  12746 |  18 | 1181.7 |
       Dungeon |  18299 |  17738 |    561 |   3272 |  11000 |  14 | 1307.1 |
        Temple |    398 |    373 |     25 |    156 |    179 |   1 |  398.0 |
          Lair |   2273 |   2245 |     28 |    348 |   1451 |   2 | 1136.5 |
       Ossuary |    299 |    299 |      0 |      0 |    116 |   1 |  299.0 |
               +--------+--------+--------+--------+--------+-----+--------+

Top non-repeatable levels by time:
    D:13: 2687 daAuts
    D:12: 1721 daAuts
     D:4: 1700 daAuts
     D:6: 1443 daAuts
     D:5: 1399 daAuts
  Lair:1: 1380 daAuts
     D:3: 1361 daAuts
     D:1: 1292 daAuts
     D:2: 1195 daAuts
     D:8: 1146 daAuts
     D:9: 1118 daAuts
  Lair:2: 892 daAuts
    D:11: 867 daAuts
    D:14: 859 daAuts
     D:7: 842 daAuts
